[Event "Titled Tuesday Blitz April 19 Late 2022"]
[White "Vusatiuk, Vladimir"]
[Black "Urazayev, Arystanbek"]
[WhiteFideId "14118610"]
[BlackFideId "13709810"]
[WhiteElo "2157"]
[BlackElo "2422"]
[Result "0-1"]
[Round "05"]
[TimeControl "180+1"]
[Date "2022.04.19"]
[WhiteClock "0:00:03"]
[BlackClock "0:00:04"]

1. d4 Nf6 2. c4 g6 3. Nc3 Bg7 4. e4 d6 5. h3 e5 6. dxe5 dxe5 7. Qxd8+ Kxd8 8. Nf3 Nbd7 9. b3 c6 10. Ba3 Bf8 11. Bb2 h6 12. O-O-O Kc7 13. Nxe5 Bg7 14. Nxf7 Rf8 15. Nd6 Nh5 16. g4 Bxc3 17. Bxc3 Nf4 18. Bg7 Rg8 19. Bxh6 Ne6 20. e5 Nxe5 21. Nxc8 Raxc8 22. Re1 Nf7 23. Rxe6 Nxh6 24. Bd3 Rcf8 25. Rf1 Rf3 26. Bxg6 Rxh3 27. g5 Ng4 28. f4 Rh2 29. Bf5 Rxa2 30. Kb1 Rg2 31. c5 Rd8 32. Re7+ Kb8 33. Rd7 Re8 34. Rfd1 a5 35. Rd8+ Rxd8 36. Rxd8+ Ka7 37. Bxg4 Rxg4 38. Rf8 Ka6 39. Rf6 Kb5 40. g6 Kb4 41. f5 Kxb3 42. Kc1 a4 43. Rf7 Kc3 44. Kb1 b5 45. cxb6 Kb3 46. Kc1 Kc3 47. Kd1 a3 48. Ra7 a2 49. b7 Rb4 50. g7 Rxb7 51. Rxa2 Rxg7 52. Re2 Kd3 53. Re5 Rg1+ 54. Re1 Rg2 55. f6 Rf2 56. Re6 Rf1+ 57. Re1 Rxf6 58. Rh1 Rf3 59. Rh8 Rf1# 0-1


[Site "https://www.chess.com"]

[Event "Titled Tuesday Blitz April 19 Late 2022"]
[White "Yoo, Christopher Woojin"]
[Black "Fernandez Hernandez, Gerardo"]
[WhiteFideId "30909694"]
[BlackFideId "2207400"]
[WhiteElo "2105"]
[BlackElo "2156"]
[Result "1-0"]
[Round "05"]
[TimeControl "180+1"]
[Date "2022.04.19"]
[WhiteClock "0:00:32"]
[BlackClock "0:00:01"]

1. e4 e6 2. d4 d5 3. Nc3 Nc6 4. Nf3 Nf6 5. Bd3 Bb4 6. Bg5 h6 7. Bxf6 Qxf6 8. O-O Bxc3 9. bxc3 O-O 10. e5 Qe7 11. Qd2 Na5 12. Qf4 c5 13. h4 c4 14. Be2 f6 15. exf6 Rxf6 16. Qg3 Bd7 17. Ne5 Nc6 18. Nxd7 Qxd7 19. Bg4 Qf7 20. Rae1 Re8 21. Re2 Kh8 22. Rfe1 Qg6 23. Qh3 Nd8 24. h5 Qf7 25. Qg3 Rf8 26. f3 Re8 27. Re3 Qd7 28. Qb8 Nc6 29. Qh2 Nd8 30. f4 Qd6 31. g3 Qc6 32. f5 e5 33. dxe5 Rff8 34. e6 Qc5 35. Qf2 Nc6 36. R3e2 Qd6 37. Qf4 Qc5+ 38. Kg2 d4 39. cxd4 Nxd4 40. Re5 Qb6 41. e7 1-0


[Site "https://www.chess.com"]

[Event "Titled Tuesday Blitz April 19 Late 2022"]
[White "Zherebtsova, Alexandra"]
[Black "Winkels, Marcel"]
[WhiteFideId "24129518"]
[BlackFideId "1003887"]
[WhiteElo "2025"]
[BlackElo "1900"]
[Result "1-0"]
[Round "05"]
[TimeControl "180+1"]
[Date "2022.04.19"]
[WhiteClock "0:00:08"]
[BlackClock "0:00:17"]

1. d4 Nf6 2. Nf3 e6 3. c4 c5 4. d5 exd5 5. cxd5 d6 6. Nc3 g6 7. Bf4 a6 8. a4 Bg7 9. h3 O-O 10. e3 Re8 11. Nd2 Nh5 12. Bh2 Nd7 13. Be2 Ne5 14. Bxh5 gxh5 15. O-O Nd3 16. Qc2 Ne5 17. Kh1 Bd7 18. a5 Bb5 19. Nxb5 axb5 20. Nb3 c4 21. Nd4 Rxa5 22. Rxa5 Qxa5 23. Qe2 Nd3 24. Qxh5 Ne5 25. Qg5 Qd8 26. Qg3 Kh8 27. Nxb5 Rg8 28. Qf4 Bf6 29. Nd4 Bg5 30. Qf5 Qc8 31. Bxe5+ dxe5 32. Qxe5+ f6 33. Qe6 Re8 34. Qxc8 Rxc8 35. Rc1 Bh6 36. Rc2 Bf8 37. e4 Bd6 38. Nf5 Be5 39. d6 b5 40. Rd2 b4 41. d7 Rd8 42. Nh6 Kg7 43. Nf5+ Kf7 44. Ne3 c3 45. bxc3 bxc3 46. Rd5 Ke7 47. g3 Rxd7 48. Rxd7+ Kxd7 49. Kg1 Bd4 50. Nc2 Be5 51. Kf1 Kc6 52. Ke2 Kc5 53. Kd3 h5 54. f4 Bc7 55. Kxc3 h4 56. gxh4 Bxf4 57. Kd3 Bh6 58. Nd4 Kd6 59. Nf5+ Ke5 60. Nxh6 Kf4 61. Nf5 Ke5 62. h5 Ke6 63. h6 Kf7 64. Kd4 Kg6 65. Kd5 Kh7 66. Ke6 Kg6 67. Ke7 Kh7 68. Kxf6 Kh8 69. e5 Kh7 70. e6 Kh8 71. e7 Kh7 72. h4 Kh8 73. e8=Q+ Kh7 74. Qf7+ Kh8 75. Qg7# 1-0


[Site "https://www.chess.com"]

[Event "Titled Tuesday Blitz April 19 Late 2022"]
[White "Zhou, Qiyu"]
[Black "Mohammadian, Mohammad"]
[WhiteFideId "505161"]
[BlackFideId "12566055"]
[WhiteElo "1925"]
[BlackElo "1544"]
[Result "1-0"]
[Round "05"]
[TimeControl "180+1"]
[Date "2022.04.19"]
[WhiteClock "0:01:15"]
[BlackClock "0:00:13"]

1. e4 e5 2. Nf3 Nc6 3. Bb5 a6 4. Ba4 Nf6 5. O-O Be7 6. Re1 b5 7. Bb3 d6 8. c3 Na5 9. Bc2 c5 10. h3 Qc7 11. d4 O-O 12. d5 Bd7 13. Nbd2 h6 14. Nf1 Nh7 15. Ng3 Qd8 16. b3 Ng5 17. Nf5 Bxf5 18. exf5 Nxf3+ 19. Qxf3 Bg5 20. Be3 Bxe3 21. fxe3 Qg5 22. e4 c4 23. b4 Nb7 24. Re3 a5 25. Qf2 axb4 26. Rg3 Qf6 27. cxb4 Ra6 28. a4 bxa4 29. Rxa4 Rxa4 30. Bxa4 Ra8 31. Bc6 Ra1+ 32. Kh2 Nd8 33. Bb5 Qh4 34. Rxg7+ Kxg7 35. Qxh4 Nb7 36. f6+ Kh7 37. Bd7 c3 38. Bf5+ Kg8 39. Qxh6 c2 40. Qg7# 1-0


[Site "https://www.chess.com"]

[Event "Titled Tuesday Blitz April 19 Late 2022"]
[White "Zivkovic, Nemanja"]
[Black "Wu, Derek"]
[WhiteFideId "942154"]
[BlackFideId "30914558"]
[WhiteElo "2364"]
[BlackElo "2071"]
[Result "0-1"]
[Round "05"]
[TimeControl "180+1"]
[Date "2022.04.19"]
[WhiteClock "0:00:10"]
[BlackClock "0:00:15"]

1. e4 c5 2. Nf3 e6 3. c3 a6 4. d4 d5 5. e5 Bd7 6. a3 Bb5 7. b4 Bxf1 8. Kxf1 cxd4 9. cxd4 Nc6 10. Nc3 Rc8 11. Ne2 Nge7 12. Bg5 h6 13. Bxe7 Bxe7 14. g3 O-O 15. Qd3 a5 16. b5 Na7 17. a4 Qc7 18. Rc1 Qd7 19. Kg2 Rxc1 20. Rxc1 Rc8 21. Rc2 Bb4 22. h4 Rc7 23. h5 Nc8 24. g4 Nb6 25. g5 Rxc2 26. Qxc2 Qc8 27. Qb1 Nxa4 28. gxh6 gxh6 29. Qd3 Bf8 30. Nh2 Bg7 31. Ng4 Qd8 32. Qg3 Kh8 33. Qa3 Qg5 34. Kg3 Nb6 35. Qxa5 Nc4 36. Qa8+ Kh7 37. Qxb7 Nd2 38. Qxf7 Ne4+ 39. Kh3 Qd2 40. Qg6+ Kh8 41. Qe8+ Kh7 42. Qg6+ Kh8 43. Nf4 Qxf4 44. Qe8+ Kh7 45. Qg6+ Kh8 46. Qe8+ Bf8 47. Qxe6 Ng5+ 0-1


[Site "https://www.chess.com"]

[Event "Titled Tuesday Blitz April 19 Late 2022"]
[White "Aldokhin, Ivan"]
[Black "Soysal, Serkan"]
[WhiteFideId "24115720"]
[BlackFideId "6349250"]
[WhiteElo "2231"]
[BlackElo "2440"]
[Result "1-0"]
[Round "06"]
[TimeControl "180+1"]
[Date "2022.04.19"]
[WhiteClock "0:00:57"]
[BlackClock "0:01:36"]

1. e4 e6 2. d4 d5 3. Nd2 Be7 4. Ngf3 Nf6 5. Bd3 c5 6. dxc5 O-O 7. O-O a5 8. Qe2 Na6 9. e5 Nd7 10. c3 Naxc5 11. Bc2 b6 12. Rd1 Ba6 13. Qe3 a4 14. Nd4 Bg5 15. f4 Bh6 16. N2f3 f6 17. exf6 Qxf6 18. b4 axb3 19. axb3 Bxf4 20. Qxf4 Qxf4 21. Bxf4 Rxf4 22. b4 Ne4 23. Nxe6 Rxf3 24. gxf3 Nxc3 25. Nc7 1-0


[Site "https://www.chess.com"]

[Event "Titled Tuesday Blitz April 19 Late 2022"]
[White "Alekseenko, Kirill"]
[Black "Sarana, Alexey"]
[WhiteFideId "4135539"]
[BlackFideId "24133795"]
[WhiteElo "2682"]
[BlackElo "2666"]
[Result "0-1"]
[Round "06"]
[TimeControl "180+1"]
[Date "2022.04.19"]
[WhiteClock "0:00:04"]
[BlackClock "0:00:14"]

1. e4 c5 2. a4 Nc6 3. Bb5 Nf6 4. Bxc6 dxc6 5. d3 c4 6. Nf3 Bg4 7. O-O e6 8. Nc3 Bb4 9. e5 Nd5 10. Ne4 cxd3 11. cxd3 O-O 12. Ng3 Be7 13. h3 Bxf3 14. Qxf3 Nb4 15. Rd1 Qd5 16. Qe2 Rfd8 17. d4 c5 18. Be3 c4 19. Qg4 Kh8 20. Nh5 Rg8 21. Rac1 Nd3 22. Nf4 Nxf4 23. Qxf4 Rgf8 24. Bd2 Rac8 25. Bc3 b6 26. Re1 a6 27. Ra1 Ra8 28. Qd2 b5 29. axb5 axb5 30. Bb4 Bxb4 31. Qxb4 h6 32. Rad1 Kg8 33. Re3 Ra4 34. Qd2 b4 35. Rg3 Kh8 36. Qf4 Ra2 37. Kh2 Rxb2 38. Ra1 Qb7 39. Ra5 c3 40. Rc5 Rd2 41. Qg4 Rg8 42. Rf3 Qd7 43. d5 Rxd5 44. Qxb4 Rxc5 45. Qxc5 Rc8 46. Qe3 c2 47. Qc1 Qd1 0-1


[Site "https://www.chess.com"]

[Event "Titled Tuesday Blitz April 19 Late 2022"]
[White "Andreikin, Dmitry"]
[Black "Kozak, Adam"]
[WhiteFideId "4158814"]
[BlackFideId "753246"]
[WhiteElo "2736"]
[BlackElo "2459"]
[Result "1-0"]
[Round "06"]
[TimeControl "180+1"]
[Date "2022.04.19"]
[WhiteClock "0:02:48"]
[BlackClock "0:02:35"]

1. d4 d5 2. c4 c6 3. Nf3 Nf6 4. Qc2 dxc4 5. e4 b5 6. b3 cxb3 7. axb3 e6 8. Bd3 Bb7 9. O-O Qc8 10. Nc3 Na6 11. Qe2 Nb4 12. Bb1 a6 13. Bg5 h6 14. Bh4 g6 15. Bxf6 1-0


[Site "https://www.chess.com"]

[Event "Titled Tuesday Blitz April 19 Late 2022"]
[White "Arabidze, Meri"]
[Black "Kanyamarala, Trisha"]
[WhiteFideId "13604040"]
[BlackFideId "45004722"]
[WhiteElo "2335"]
[BlackElo "2079"]
[Result "1-0"]
[Round "06"]
[TimeControl "180+1"]
[Date "2022.04.19"]
[WhiteClock "0:01:38"]
[BlackClock "0:00:03"]

1. Nf3 d5 2. g3 c5 3. Bg2 Nc6 4. O-O e6 5. d4 Nf6 6. c4 Be7 7. cxd5 exd5 8. Nc3 c4 9. Ne5 O-O 10. b3 cxb3 11. axb3 Be6 12. Nxc6 bxc6 13. Na4 Ne4 14. Ba3 Bxa3 15. Rxa3 Qe7 16. Ra1 Qg5 17. Qc1 Qxc1 18. Rfxc1 Rab8 19. Bxe4 dxe4 20. Nc5 Bxb3 21. Nd7 Bd5 22. Nxb8 Rxb8 23. Rxa7 h6 24. g4 Rb2 25. e3 g5 26. h3 Kg7 27. Kg2 Kg6 28. Rc7 Rd2 29. Ra1 Rc2 30. Ra5 Rb2 31. Ra8 Kg7 32. Raa7 Rd2 33. Re7 Rb2 34. Rad7 Rd2 35. Re5 Rb2 36. Rdxd5 cxd5 37. Rxd5 Rb6 38. Re5 Re6 39. Rxe6 fxe6 40. f3 Kf6 41. fxe4 Ke7 42. Kf3 Kd6 43. Ke2 Kc6 44. Kd3 Kb5 45. d5 exd5 46. exd5 Kc5 47. e4 1-0


[Site "https://www.chess.com"]

[Event "Titled Tuesday Blitz April 19 Late 2022"]
[White "Babazada, Khazar"]
[Black "Bortnyk, Olexandr"]
[WhiteFideId "13413554"]
[BlackFideId "14120828"]
[WhiteElo "2406"]
[BlackElo "2723"]
[Result "0-1"]
[Round "06"]
[TimeControl "180+1"]
[Date "2022.04.19"]
[WhiteClock "0:00:49"]
[BlackClock "0:00:15"]

1. e4 Nf6 2. e5 Nd5 3. Nc3 Nb6 4. a4 a5 5. d4 d5 6. Nf3 Bf5 7. Bd3 Bxd3 8. Qxd3 e6 9. O-O Be7 10. Ne1 Na6 11. Qg3 Rg8 12. Nd3 Qd7 13. b3 O-O-O 14. Be3 g5 15. Qg4 Kb8 16. Qe2 f5 17. exf6 Bxf6 18. Qd2 Qg7 19. Ne2 Nc8 20. Qxa5 Nd6 21. Rae1 Nf5 22. b4 Nxd4 23. Nxd4 Bxd4 24. b5 Bc3 25. Qxc3 Qxc3 26. bxa6 d4 27. Bc1 Qxc2 28. Rd1 b6 29. a5 bxa5 30. Ba3 Rd5 31. Rfe1 Ka8 32. h3 Rb8 33. Bc1 Rb3 34. Rd2 Qxd2 0-1


[Site "https://www.chess.com"]

[Event "Titled Tuesday Blitz April 19 Late 2022"]
[White "Baker, Chris W"]
[Black "Noboa Silva, Kevin"]
[WhiteFideId "401676"]
[BlackFideId "3618471"]
[WhiteElo "2239"]
[BlackElo "2172"]
[Result "0-1"]
[Round "06"]
[TimeControl "180+1"]
[Date "2022.04.19"]
[WhiteClock "0:01:33"]
[BlackClock "0:01:10"]

1. c4 e5 2. Nc3 Nf6 3. g3 c6 4. Bg2 d5 5. cxd5 cxd5 6. d4 exd4 7. Qxd4 Nc6 8. Qa4 d4 9. Ne4 Be7 10. Bd2 Nxe4 11. Bxe4 O-O 12. Nf3 Bh3 13. Rc1 Bf6 14. Bxc6 bxc6 15. Qxc6 d3 16. e3 Rc8 17. Qa6 Rxc1+ 18. Bxc1 Bg2 0-1


[Site "https://www.chess.com"]

[Event "Titled Tuesday Blitz April 19 Late 2022"]
[White "Balint, Vilmos"]
[Black "Hnydiuk, Aleksander"]
[WhiteFideId "718050"]
[BlackFideId "1109057"]
[WhiteElo "2059"]
[BlackElo "2374"]
[Result "0-1"]
[Round "06"]
[TimeControl "180+1"]
[Date "2022.04.19"]
[WhiteClock "0:01:56"]
[BlackClock "0:00:51"]

1. f4 d5 2. Nf3 Bg4 3. g3 Bxf3 4. exf3 h5 5. h4 e6 6. d4 c5 7. Be3 Nc6 8. c3 cxd4 9. Bxd4 Nh6 10. Bf2 Nf5 11. Bd3 g6 12. Qb3 Qc7 13. Na3 a6 14. Nc2 b5 15. a4 Na5 16. Qa2 Bc5 17. axb5 axb5 18. Bxb5+ Ke7 19. Bxc5+ Qxc5 20. Qa3 Qxa3 21. Rxa3 Nxg3 22. Rg1 Nf5 23. Nb4 Nxh4 24. Rxa5 Rxa5 25. Nc6+ Kd6 26. Nxa5 Nxf3+ 27. Kf2 Nxg1 28. Kxg1 Ra8 29. b4 Rc8 30. c4 dxc4 31. Nxc4+ Ke7 32. Kf2 Rb8 33. Na3 f6 34. Kf3 f5 35. Kg3 Kf6 36. Kf3 e5 37. fxe5+ Kxe5 38. Nc4+ Kd4 39. Nd6 Kd5 40. Be8 Kxd6 41. Bxg6 Ke5 42. Bxh5 Rxb4 43. Kg3 Rb3+ 44. Kf2 Kf4 45. Bf7 Rb2+ 46. Ke1 Ke3 47. Kf1 f4 48. Be6 f3 49. Bf5 Ra2 50. Kg1 Ra1+ 51. Kh2 f2 0-1


[Site "https://www.chess.com"]

[Event "Titled Tuesday Blitz April 19 Late 2022"]
[White "Barrientos, Sergio E"]
[Black "Ibarra Jerez, Jose Carlos"]
[WhiteFideId "4401824"]
[BlackFideId "2226332"]
[WhiteElo "2397"]
[BlackElo "2626"]
[Result "0-1"]
[Round "06"]
[TimeControl "180+1"]
[Date "2022.04.19"]
[WhiteClock "0:00:02"]
[BlackClock "0:00:06"]

1. d4 d6 2. e4 e5 3. Nf3 exd4 4. Nxd4 Nf6 5. Nc3 Be7 6. g3 d5 7. e5 Ng4 8. f4 c5 9. Nf3 d4 10. Ne4 Qd5 11. Nc3 Qd7 12. Ne4 Qc6 13. Nf2 Ne3 14. Bxe3 dxe3 15. Nh3 O-O 16. Qe2 Qb6 17. Rb1 Be6 18. a3 Ba2 19. Rd1 Qxb2 20. Qxe3 c4 21. Bg2 Nc6 22. O-O c3 23. Nfg5 h6 24. Ne4 Qxa3 25. Ra1 Rac8 26. Kh1 Nb4 27. Qf2 Qb2 28. Rac1 Bc4 29. Rfe1 Rfd8 30. f5 Bf8 31. e6 f6 32. Nf4 Nc6 33. Ng6 Ne7 34. Nxe7+ Bxe7 35. Rb1 Qa2 36. Rxb7 Qa3 37. Rxa7 Qb4 38. Rb7 Qa3 39. Qf4 Re8 40. Qg4 Bd5 41. Nxf6+ Bxf6 42. Bxd5 Qd6 43. Rxg7+ Bxg7 44. f6 Qxd5+ 45. Re4 Qg5 46. f7+ Kh7 47. Qf3 Qc1+ 48. Kg2 Re7 49. Rg4 Qxc2+ 50. Kh3 Rf8 51. Qd5 Qd2 52. Qc5 Qd8 53. Qf5+ Kh8 54. Qg6 Rfxf7 55. exf7 Qf8 56. Rf4 c2 57. Qxc2 Rxf7 58. Rg4 Rf5 59. Qc7 Rh5+ 60. Rh4 Rxh4+ 61. Kxh4 Qf5 62. Qd8+ Kh7 63. Qe7 h5 64. Qe8 Qg4# 0-1


[Site "https://www.chess.com"]

[Event "Titled Tuesday Blitz April 19 Late 2022"]
[White "Bilan, Danila"]
[Black "Vovk, Orest"]
[WhiteFideId "24161918"]
[BlackFideId "14113490"]
[WhiteElo "2164"]
[BlackElo "2203"]
[Result "1-0"]
[Round "06"]
[TimeControl "180+1"]
[Date "2022.04.19"]
[WhiteClock "0:00:13"]
[BlackClock "0:00:07"]

1. d4 Nf6 2. Nf3 d5 3. c4 c6 4. Nc3 g6 5. cxd5 cxd5 6. Bf4 Bg7 7. e3 O-O 8. h3 Nc6 9. Bd3 Bf5 10. O-O Bxd3 11. Qxd3 Rc8 12. Rfc1 Qa5 13. a3 a6 14. b4 Qd8 15. Na4 Ne4 16. Nc5 Nxc5 17. bxc5 b5 18. a4 bxa4 19. Qxa6 e5 20. Nxe5 Nxe5 21. Bxe5 Bxe5 22. dxe5 d4 23. Rd1 d3 24. Rxd3 Qe8 25. Qd6 Qb5 26. e6 Rxc5 27. e7 Re8 28. Qd7 Qxd7 29. Rxd7 Re5 30. Rxa4 R5xe7 31. Raa7 Rxd7 32. Rxd7 Kg7 33. g3 h5 34. Kg2 Kf6 35. Kf3 Ke6 36. Ra7 Rb8 37. g4 hxg4+ 38. hxg4 Kf6 39. Ra6+ Kg7 40. Kg3 Rb3 41. Kf4 Rb4+ 42. e4 Rb2 43. f3 Re2 44. Ra3 Re1 45. Rd3 Re2 46. Kg3 Re1 47. Rd4 Re2 48. Kf4 Re1 49. e5 Re2 50. Re4 Ra2 51. e6 fxe6 52. Rxe6 Ra4+ 53. Re4 Ra5 54. Re5 Ra3 55. Rd5 Kf6 56. g5+ Kf7 57. Rd7+ Ke6 58. Rd4 Ra1 59. Rb4 Ra6 60. Kg4 Rc6 61. Rd4 Ra6 62. Rd8 Ra4+ 63. f4 Ra1 64. Rf8 Rg1+ 65. Kf3 Rf1+ 66. Kg3 Kd5 67. Rf6 Ke4 68. Rxg6 Rg1+ 69. Kf2 Ra1 70. Rf6 Ra2+ 71. Kg3 Ra3+ 72. Kg4 Ra1 73. Kh5 Rh1+ 74. Kg6 Rh8 75. Kg7 Ra8 76. g6 Ra7+ 77. Rf7 Ra8 78. f5 Kd5 79. f6 Ke6 80. Re7+ Kd6 81. Rb7 Kc6 82. Rf7 Kd6 83. Rf8 Ra7+ 84. f7 Ke6 85. Re8+ Kf5 86. Kg8 Kxg6 87. f8=Q Rh7 88. Re6+ 1-0


[Site "https://www.chess.com"]

[Event "Titled Tuesday Blitz April 19 Late 2022"]
[White "Bluebaum, Matthias"]
[Black "Korchmar, Vasiliy"]
[WhiteFideId "24651516"]
[BlackFideId "24131750"]
[WhiteElo "2550"]
[BlackElo "2370"]
[Result "1-0"]
[Round "06"]
[TimeControl "180+1"]
[Date "2022.04.19"]
[WhiteClock "0:00:55"]
[BlackClock "0:00:01"]

1. d4 d5 2. c4 c6 3. Nf3 Nf6 4. Nc3 a6 5. Qc2 dxc4 6. e4 Bg4 7. Bxc4 Bxf3 8. gxf3 b5 9. Bb3 g6 10. Be3 Bg7 11. h4 h5 12. e5 Nd5 13. e6 O-O 14. exf7+ Rxf7 15. Qxg6 e5 16. dxe5 Nd7 17. Qxc6 Nxe3 18. Bxf7+ Kxf7 19. e6+ Kg8 20. fxe3 Ne5 21. Qd5 Qe7 22. Qxa8+ 1-0


[Site "https://www.chess.com"]

[Event "Titled Tuesday Blitz April 19 Late 2022"]
[White "Bordi, Kevin"]
[Black "Barria Zuniga, Daniel"]
[WhiteFideId "621862"]
[BlackFideId "3400816"]
[WhiteElo "2716"]
[BlackElo "2414"]
[Result "1-0"]
[Round "06"]
[TimeControl "180+1"]
[Date "2022.04.19"]
[WhiteClock "0:01:39"]
[BlackClock "0:00:24"]

1. e4 e6 2. d4 d5 3. Nd2 c5 4. exd5 Qxd5 5. Ngf3 cxd4 6. Bc4 Qd6 7. O-O Nc6 8. Nb3 Nf6 9. Nbxd4 Nxd4 10. Qxd4 Bd7 11. Bf4 Qxd4 12. Nxd4 Bc5 13. Nb3 Be7 14. Be2 Rc8 15. c3 Nd5 16. Bg3 Bd8 17. Bf3 Bc7 18. Bxd5 exd5 19. Rfe1+ Be6 20. Bxc7 Rxc7 21. Nd4 Kd7 22. Rad1 a6 23. f3 Kd6 24. Kf2 Rhc8 25. a3 g6 26. Rd2 Re8 27. Red1 h6 28. Nc2 Rd8 29. Ne3 Kc5 30. b4+ Kc6 31. c4 Rcd7 32. Ng4 Bxg4 33. cxd5+ Rxd5 34. Rc2+ Kb5 35. Rxd5+ Rxd5 36. fxg4 Rd2+ 37. Rxd2 1-0


[Site "https://www.chess.com"]

[Event "Titled Tuesday Blitz April 19 Late 2022"]
[White "Bowden, Karl"]
[Black "Musovic, Armin"]
[WhiteFideId "400548"]
[BlackFideId "939935"]
[WhiteElo "2340"]
[BlackElo "2255"]
[Result "1-0"]
[Round "06"]
[TimeControl "180+1"]
[Date "2022.04.19"]
[WhiteClock "0:00:30"]
[BlackClock "0:00:28"]

1. e4 c6 2. c4 e6 3. Nc3 Bb4 4. Qb3 Ba5 5. Nge2 Ne7 6. g3 d5 7. Bg2 d4 8. Nd1 h5 9. h4 c5 10. O-O Nbc6 11. d3 e5 12. f4 Bg4 13. Bf3 Qd7 14. f5 Rb8 15. Bxg4 hxg4 16. Nf2 f6 17. Nxg4 a6 18. Qd1 b5 19. b3 Qa7 20. Bd2 Bc7 21. Kg2 Bd6 22. Ng1 Kd7 23. h5 Qb6 24. h6 gxh6 25. Nxf6+ Kc7 26. Rf2 Kb7 27. Qh5 Nd8 28. Nd7 Qc6 29. Nxb8 Kxb8 30. f6 Nc8 31. f7 Qd7 32. Raf1 Ne6 33. Qg6 Bf8 34. Rf6 Ne7 35. Qg4 bxc4 36. bxc4 h5 37. Qxe6 Qxe6 38. Rxe6 Ka7 39. Bg5 Nc8 40. Re8 h4 41. gxh4 Rxh4 42. Bxh4 Nd6 43. Rxf8 Nxe4 1-0


[Site "https://www.chess.com"]

[Event "Titled Tuesday Blitz April 19 Late 2022"]
[White "Bryakin, Mikhail"]
[Black "Perrine, Dalton"]
[WhiteFideId "4165314"]
[BlackFideId "2048434"]
[WhiteElo "2417"]
[BlackElo "2491"]
[Result "1-0"]
[Round "06"]
[TimeControl "180+1"]
[Date "2022.04.19"]
[WhiteClock "0:01:29"]
[BlackClock "0:00:02"]

1. e4 c5 2. Nf3 e6 3. c3 Nf6 4. e5 Nd5 5. Be2 d6 6. exd6 Nc6 7. O-O Bxd6 8. Na3 O-O 9. d4 cxd4 10. Nxd4 Bxa3 11. Nxc6 bxc6 12. bxa3 Nxc3 13. Qc2 Nxe2+ 14. Qxe2 Qa5 15. Bb2 Ba6 16. Qg4 f6 17. Qxe6+ Kh8 18. Rfe1 Qd5 19. Qe7 Bd3 20. Rac1 Qxa2 21. Bd4 Bg6 22. Qc5 Rfd8 23. Be3 Qd5 24. Qe7 Qd7 25. Qb4 a5 26. Qc5 Bf7 27. h4 Bd5 28. f3 Qf5 29. Bf2 a4 30. Rcd1 Re8 31. Rxe8+ Rxe8 32. Qd4 h6 33. Qxa4 Re2 34. Qd4 Qc2 35. Re1 Rxe1+ 36. Bxe1 Qc1 37. Qb4 c5 38. Qa5 Bg8 39. h5 c4 40. Qb4 Qe3+ 41. Bf2 Qd3 42. Be1 Qe3+ 43. Kh1 Bf7 44. Qf8+ Bg8 45. Qb4 Qe5 46. Bc3 Qxh5+ 47. Kg1 Qg6 48. Qb2 Bd5 49. Kf2 Qd3 50. a4 Kh7 51. a5 Qf5 52. a6 Qc8 53. a7 Qa8 54. Bd4 Bb7 55. Qb1+ Kg8 56. Qg6 Bd5 57. Qf5 Bf7 58. Qf4 Bd5 59. Qf5 Kh8 60. Qd7 Qc6 61. Qd8+ Kh7 62. Qa5 Qa8 63. Qa1 Bg8 64. Qb1+ Kh8 65. Qb8 Qd5 66. a8=Q Qxd4+ 67. Kg3 Qe5+ 68. Qxe5 fxe5 1-0


[Site "https://www.chess.com"]

[Event "Titled Tuesday Blitz April 19 Late 2022"]
[White "Caruana, Fabiano"]
[Black "Rasulov, Vugar"]
[WhiteFideId "2020009"]
[BlackFideId "13402390"]
[WhiteElo "2744"]
[BlackElo "2560"]
[Result "1-0"]
[Round "06"]
[TimeControl "180+1"]
[Date "2022.04.19"]
[WhiteClock "0:00:17"]
[BlackClock "0:00:09"]

1. e4 c5 2. Nf3 d6 3. Bb5+ Nd7 4. O-O a6 5. Bd3 Ngf6 6. c4 Ne5 7. Nxe5 dxe5 8. Bc2 g6 9. d3 Bg7 10. Be3 b6 11. h3 O-O 12. Nc3 Ne8 13. Rb1 Nc7 14. b4 Ne6 15. Nd5 Nd4 16. bxc5 bxc5 17. Bxd4 exd4 18. Ba4 Be6 19. f4 Kh8 20. Qf3 Qa5 21. Bb3 Ra7 22. f5 Bxd5 23. exd5 Qd2 24. Rbe1 a5 25. Re2 Qg5 26. Ba4 Bf6 27. Bc6 Kg7 28. Re4 a4 29. h4 Qd2 30. Rf2 Qc1+ 31. Kh2 Rb8 32. d6 Qh6 33. fxg6 hxg6 34. dxe7 Bxe7 35. Qxf7+ Kh8 36. Qe6 a3 37. Qe5+ Qg7 38. Qxb8+ Kh7 39. g3 1-0


[Site "https://www.chess.com"]

[Event "Titled Tuesday Blitz April 19 Late 2022"]
[White "Chigaev, Maksim"]
[Black "Nakamura, Hikaru"]
[WhiteFideId "4108116"]
[BlackFideId "2016192"]
[WhiteElo "2478"]
[BlackElo "2850"]
[Result "0-1"]
[Round "06"]
[TimeControl "180+1"]
[Date "2022.04.19"]
[WhiteClock "0:00:03"]
[BlackClock "0:01:14"]

1. e4 e5 2. Nf3 Nc6 3. Bc4 Bc5 4. d3 Nf6 5. a4 a6 6. c3 d6 7. O-O Ba7 8. Re1 O-O 9. Nbd2 h6 10. h3 Re8 11. Qb3 Qd7 12. a5 b5 13. axb6 cxb6 14. Qd1 b5 15. Ba2 Bb7 16. Nf1 d5 17. exd5 Nxd5 18. Ng3 Rad8 19. Nh4 Nf6 20. Bxh6 Qxd3 21. Qxd3 Rxd3 22. Be3 Bxe3 23. Rxe3 Rxe3 24. fxe3 e4 25. Rd1 Ne5 26. Nhf5 Bc6 27. Rd6 Kf8 28. b4 Rc8 29. Nxg7 Kxg7 30. Nf5+ Kf8 31. Rxf6 Bd7 32. Nd4 Rxc3 33. Rxa6 Rxe3 34. Rf6 Rd3 35. Nf5 Rd1+ 36. Kh2 Rf1 37. g4 Rf2+ 38. Kg3 Rxa2 39. Kf4 0-1


[Site "https://www.chess.com"]

[Event "Titled Tuesday Blitz April 19 Late 2022"]
[White "Coelho, Ramyres Santana"]
[Black "Kohler, Aran"]
[WhiteFideId "2120690"]
[BlackFideId "1002856"]
[WhiteElo "1888"]
[BlackElo "2285"]
[Result "0-1"]
[Round "06"]
[TimeControl "180+1"]
[Date "2022.04.19"]
[WhiteClock "0:00:02"]
[BlackClock "0:00:44"]

1. e4 c6 2. d4 d5 3. Nc3 dxe4 4. Nxe4 Bf5 5. Ng3 Bg6 6. Nf3 Nd7 7. h4 h6 8. h5 Bh7 9. Bd3 Ngf6 10. Bxh7 Nxh7 11. Qd3 e6 12. Bd2 Be7 13. O-O-O Ng5 14. Nxg5 Bxg5 15. f4 Be7 16. Ne4 Qc7 17. g4 O-O-O 18. c4 c5 19. Be3 cxd4 20. Qxd4 Nc5 21. Qxg7 Nxe4 22. Qxf7 Nc5 23. Bxc5 Qxc5 24. Qxe6+ Kb8 25. Rde1 Rhe8 26. Kb1 Qd6 27. Qf7 Qd3+ 28. Ka1 Qd7 29. Qg6 Bf8 30. Qb1 Rxe1 31. Rxe1 Qxg4 32. Rc1 Qxh5 33. c5 Bxc5 34. Qc2 b6 35. Qb3 Qf5 36. a4 Qxf4 37. Rxc5 Rd4 38. Ka2 Rxa4+ 39. Kb1 Qf1+ 40. Rc1 Ra1+ 41. Kxa1 Qxc1+ 42. Ka2 Qc6 43. Qg8+ Kb7 44. Qg3 Qd5+ 45. Kb1 h5 46. Qg7+ Ka6 47. Qg1 Qe4+ 48. Ka2 Qa4+ 49. Kb1 h4 50. Qf1+ Qb5 51. Qf6 Qd3+ 52. Ka2 h3 0-1


[Site "https://www.chess.com"]

[Event "Titled Tuesday Blitz April 19 Late 2022"]
[White "D`Arruda, Ricardo D."]
[Black "Tregubov, Pavel V."]
[WhiteFideId "100692"]
[BlackFideId "4115341"]
[WhiteElo "2445"]
[BlackElo "2341"]
[Result "1/2-1/2"]
[Round "06"]
[TimeControl "180+1"]
[Date "2022.04.19"]
[WhiteClock "0:01:28"]
[BlackClock "0:00:40"]

1. Nf3 Nf6 2. d4 d5 3. c4 e6 4. e3 c5 5. Nc3 Nc6 6. cxd5 exd5 7. Be2 Bd6 8. O-O O-O 9. b3 cxd4 10. Nxd4 a6 11. Bb2 Bc7 12. Rc1 Qd6 13. Nf3 Bg4 14. g3 Rfd8 15. Re1 Rac8 16. Nd4 Ne5 17. Bxg4 Nexg4 18. Qf3 Ba5 19. Red1 Ne5 20. Qe2 Qd7 21. Nf3 Nc6 22. Na4 Qe7 23. Nd4 Ne5 24. Nf3 Nc6 25. Nd4 Ne5 26. Nf3 Nc6 1/2-1/2


[Site "https://www.chess.com"]